 Dungeon Crawl Stone Soup version 0.27-a0-1200-g94dc6ad4cf (webtiles) character file.

Game seed: 1396449105828056090

221 senseless the Bolt Thrower (level 5, -1/46 HPs)
             Began as a Minotaur Hunter on May 31, 2021.
             Slain by an ufetubus (3 damage)
             ... on level 5 of the Dungeon.
             The game lasted 00:07:12 (3636 turns).

senseless the Bolt Thrower (Minotaur Hunter)        Turns: 3636, Time: 00:07:13

Health: -1/46      AC: 11    Str: 16    XL:     5   Next: 65%
Magic:  4/4        EV:  7    Int:  8    God:
Gold:   113        SH:  0    Dex: 12    Spells: 4/4 levels left

rFire    . . .     SeeInvis .   b - +0 short sword
rCold    . . .     Faith    .   (no shield)
rNeg     . . .     Spirit   .   q - +0 chain mail
rPois    .         Reflect  .   (helmet restricted)
rElec    .         Harm     .   (no cloak)
rCorr    .         Rampage  .   k - +1 pair of gloves
Will     .....                  (no boots)
Stlth    ..........             (no amulet)
HPRegen  0.15/turn              (no ring)
MPRegen  0.09/turn              (no ring)

@: no status effects
A: horns 2, retaliatory headbutt
a: no special abilities


You were on level 5 of the Dungeon.
You visited 1 branch of the dungeon, and saw 5 of its levels.

You collected 113 gold pieces.

Inventory:

Hand Weapons
 a - a +1 hand crossbow
 b - a +0 short sword (weapon)
Missiles
 d - 11 bolts
 h - 14 atropa-tipped darts (quivered)
 p - 3 silver boomerangs
Armour
 c - a +0 leather armour
 k - a +1 pair of gloves (worn)
 q - a +0 chain mail (worn)
Scrolls
 l - a scroll of noise {unknown}
 m - a scroll of amnesia
 o - a scroll of teleportation
 r - a scroll of fear {unknown}
Potions
 e - 3 potions of might
 f - 2 potions of curing
 g - a potion of berserk rage {unknown}
 i - a potion of attraction {unknown}
 j - a potion of mutation {unknown}
 n - 2 potions of lignification {unknown}
 s - a potion of invisibility {unknown}


   Skills:
 + Level 4.1 Fighting
 + Level 5.3 Crossbows
 + Level 3.1 Armour
 + Level 3.8 Dodging
 - Level 0.7 Stealth


You had 4 spell levels left.
You didn't know any spells.
Your spell library was empty.

Dungeon Overview and Level Annotations

Branches:
Dungeon (5/15)
 Temple: D:4-7

Altars:
Ashenzari
Qazlal
Wu Jian

Annotations:
D:4 Pikel
D:5 Eustachio, Grinder


Innate Abilities, Weirdness & Mutations

You have a pair of horns on your head.
You reflexively headbutt those who attack you in melee.


Message History

You headbutt the ufetubus. The ufetubus closely misses you.
Found a stone staircase leading down.
You barely miss Eustachio.
Eustachio is severely wounded.
The ufetubus hits you.
The ufetubus hits you but does no damage.
The ufetubus hits you. The ufetubus barely misses you.
Eustachio hits you with a +4 rapier. The ufetubus hits you.
* * * LOW HITPOINT WARNING * * *
The ufetubus completely misses you.
The ufetubus hits you but does no damage.
The ufetubus misses you. Grinder hits you.
* * * LOW HITPOINT WARNING * * *
You writhe in agony.
* * * LOW HITPOINT WARNING * * *
You hit Eustachio. You headbutt Eustachio.
Eustachio is severely wounded.
The quasit closely misses you.
The quasit claws you but does no damage. x2
The ufetubus hits you but does no damage. x3
The ufetubus hits you.
* * * LOW HITPOINT WARNING * * *
Eustachio hits you but does no damage. The quasit bites you.
* * * LOW HITPOINT WARNING * * *
The quasit claws you but does no damage.
The quasit barely misses you.
The ufetubus hits you but does no damage.
The ufetubus hits you.
* * * LOW HITPOINT WARNING * * *
Grinder blinks!
The ufetubus hits you but does no damage. x2
You closely miss Eustachio.
Eustachio is severely wounded.
Eustachio hits you with a +4 rapier.
* * * LOW HITPOINT WARNING * * *
The ufetubus hits you but does no damage.
The ufetubus barely misses you.
The ufetubus hits you but does no damage.
The ufetubus hits you.
You die...

### #.#
..###..
#...5.>
.....
#...#
#.5.#
#5@5#
#@.#
#.5#
#..#
##..#
#..!#
##....
#...#
..##
...


You could see Eustachio, Grinder, an iron imp (summoned), a quasit (summoned)
and 2 ufetubi.

Vanquished Creatures
  A howler monkey (D:4)
  Jessica (D:3)
  Natasha (D:4)
  5 adders
  4 dart slugs (D:1)
  6 orcs
  5 ball pythons
  7 endoplasms
  4 giant cockroaches
  5 goblins
  3 hobgoblins
  9 jackals
  7 kobolds
  4 quokkas
  A bat (D:3)
  3 frilled lizards
  3 rats (D:1)
69 creatures vanquished.

Vanquished Creatures (others)
  A jackal (D:4)
1 creature vanquished.

Grand Total: 70 creatures vanquished

Notes
Turn   | Place    | Note
-------+----------+-------------------------------------------
     0 | D:1      | senseless the Minotaur Hunter began the quest for the Orb.
     0 | D:1      | Reached XP level 1. HP: 18/18 MP: 0/0
   178 | D:1      | Reached XP level 2. HP: 24/25 MP: 1/1
   221 | D:1      | Reached skill level 1 in Armour
   691 | D:1      | Reached XP level 3. HP: 26/30 MP: 2/2
  1138 | D:2      | Found a faded altar of an unknown god.
  1607 | D:2      | Reached XP level 4. HP: 21/38 MP: 3/3
  2297 | D:3      | Reached skill level 5 in Crossbows
  2325 | D:3      | Noticed Jessica
  2329 | D:3      | Killed Jessica
  2512 | D:3      | HP: 2/40 [orc/+0 short sword (5)]
  2941 | D:3      | Reached XP level 5. HP: 46/46 MP: 4/4
  2980 | D:4      | Noticed Pikel
  2980 | D:4      | Noticed a lemure
  2980 | D:4      | Noticed a lemure
  2980 | D:4      | Noticed a lemure
  2980 | D:4      | Noticed a lemure
  3563 | D:4      | Found a broken altar of Ashenzari.
  3565 | D:4      | Found an ornate altar of the Wu Jian Council.
  3566 | D:4      | Found a stormy altar of Qazlal.
  3609 | D:4      | Noticed Natasha
  3613 | D:4      | Killed Natasha
  3617 | D:4      | Noticed Eustachio
  3624 | D:5      | Entered Level 5 of the Dungeon
  3624 | D:5      | Noticed Grinder
  3628 | D:5      | Paralysed by Grinder for 4 turns
  3636 | D:5      | HP: 2/46 [Eustachio/+4 rapier (2)]
  3636 | D:5      | Slain by an ufetubus

Illustrated notes

Levels and vault maps discovered:
D:1:      minmay_arrival_shattered_statue, layout_loops_ring
D:2:      layout_loops_ring, shapermc_ecumenical_altar_starsandcircs
D:3:      layout_basic, uniq_jessica, uniq_crazy_yiuf_cottage
D:4:      layout_cave_pools, gammafunk_temple_overflow_forgotten,
          minmay_temple_entry_antechambers, ebering_ghost_sewer_f,
          uniq_eustachio, uniq_natasha, uniq_pikel
D:5:      layout_layer_cave, grunt_dithmenos_smoke, uniq_edmund, uniq_grinder

Skill      XL: |  1  2  3  4  5 |
---------------+----------------+-----
Armour         | 1 2 3 |  3.1
Fighting       | 3 4 |  4.1
Dodging        | 3 |  3.8
Crossbows      | 5 |  5.3
Stealth        | |  0.7

Action                   |  1- 3 |  4- 6 || total
-------------------------+-------+-------++-------
Melee: Short sword       |    84 |    99 ||   183
       Headbutt          |    17 |    21 ||    38
 Fire: Hand crossbow     |     7 |    13 ||    20
Throw: Dart              |       |     1 ||     1
  Use: Scroll            |     2 |     6 ||     8
 Stab: Sleeping          |     1 |       ||     1
Armor: Leather armour    |    22 |    17 ||    39
       Chain mail        |       |    55 ||    55
Dodge: Dodged            |    48 |    75 ||   123

Table legend: (Time is in decaauts)
 A = Elapsed time spent in this place.
 B = Non-inter-level travel time spent in this place.
 C = Inter-level travel time spent in this place.
 D = Time resting spent in this place.
 E = Time spent auto-exploring this place.
 F = Levels seen in this place.
 G = Mean time per level.
                   A        B        C        D        E       F      G
               +--------+--------+--------+--------+--------+-----+--------+
         Total |   3654 |   3505 |    149 |    351 |   2657 |   5 |  730.8 |
       Dungeon |   3654 |   3505 |    149 |    351 |   2657 |   5 |  730.8 |
               +--------+--------+--------+--------+--------+-----+--------+

Top non-repeatable levels by time:
     D:3: 1195 daAuts
     D:2: 1154 daAuts
     D:1: 968 daAuts
     D:4: 324 daAuts
     D:5: 11 daAuts
